 Dungeon Crawl Stone Soup version 0.29-a0-334-gb41bcbb86e (webtiles) character file.

Game seed: 10586024783788065677

613 spaghetti the Magician (level 7, -9/54 HPs)
             Began as a Demonspawn Hedge Wizard on Apr 14, 2022.
             Was an Initiate of Hepliaklqana.
             Mangled by Prince Ribbit (17 damage)
             ... on level 5 of the Dungeon.
             The game lasted 00:09:37 (6316 turns).

spaghetti the Magician (Demonspawn Hedge Wizard)    Turns: 6316, Time: 00:09:38

Health: -9/54      AC:  2    Str: 10    XL:     7   Next: 20%
Magic:  9/14       EV: 12    Int: 17    God:    Hepliaklqana [......]
Gold:   370        SH:  3    Dex: 13    Spells: 5/16 levels left

rFire   . . .      SeeInvis .   B - +8 flail of Action {flame, rN+ Will+, mace}
rCold   . . .      Faith    .   J - +0 buckler
rNeg    + . .      Spirit   .   b - +0 robe
rPois   .          Reflect  .   c - +0 hat
rElec   .          Harm     .   (no cloak)
rCorr   .          Rampage  .   (no gloves)
Will    +....                   (no boots)
Stlth   ++........              (no amulet)
HPRegen 0.18/turn               (no ring)
MPRegen 0.14/turn               (no ring)

@: very slightly contaminated
A: claws 2, powered by death 1, weakness stinger 1
a: Renounce Religion


You were on level 5 of the Dungeon.
You worshipped Hepliaklqana.
Hepliaklqana was noncommittal.
You visited 2 branches of the dungeon, and saw 6 of its levels.

You collected 370 gold pieces.


Innate Abilities, Weirdness & Mutations

You have very sharp fingernails.
You regenerate a little health from kills.
You have a small tail.


   Skills:
 + Level 4.3 Fighting
 - Level 4.0 Dodging
 - Level 1.7 Stealth
 - Level 0.8 Unarmed Combat
 - Level 5.0 Spellcasting
 - Level 2.0 Conjurations
 - Level 1.0 Summonings
 - Level 0.8 Translocations


You had 5 spell levels left.
You knew the following spells:

 Your Spells              Type           Power      Damage    Failure   Level
a - Magic Dart            Conj           44%        1d5       9%          1
b - Call Imp              Summ           7%         N/A       19%         2
c - Blink                 Tloc           14%        N/A       21%         2
d - Conjure Flame         Conj/Fire      7%         6-21      36%         3
e - Mephitic Cloud        Conj/Pois/Air  6%         N/A       41%         3

Your spell library contained the following spells:

 Spells                   Type           Power      Damage    Failure   Level
 Slow                     Hex            16%        N/A       19%         1
 Sting                    Tmut/Pois      16%        1d3       19%         1
 Corpse Rot               Necr/Air       8%         N/A       28%         2
 Poisonous Vapours        Pois/Air       8%         N/A       28%         2
 Sublimation of Blood     Necr           4%         N/A       28%         2
 Confusing Touch          Hex            4%         N/A       50%         3
 Dispel Undead            Necr           4%         3d7       88%         4
 Olgreb's Toxic Radiance  Pois           4%         N/A       88%         4
 Petrify                  Tmut/Erth      4%         N/A       88%         4
 Irradiate                Conj/Tmut      3%         3d14      98%         5
 Yara's Violent Unravell  Hex/Tmut       2%         3d3       99%         5
 Death Channel            Necr           2%         N/A       100%        6
 Enfeeble                 Hex            2%         N/A       100%        7

Inventory:

Hand Weapons
 a - a +0 dagger {short}
 m - a +0 whip {mace}
   (You took it off a gnoll on level 2 of the Dungeon)
 n - a +0 club {mace}
   (You took it off a gnoll on level 2 of the Dungeon)
 o - a +0 halberd {polearm}
   (You took it off a gnoll on level 2 of the Dungeon)
 p - a +0 dagger {short}
   (You took it off a goblin on level 2 of the Dungeon)
 q - a +0 club {mace}
   (You took it off a goblin on level 2 of the Dungeon)
 r - a +0 club {mace}
   (You took it off a kobold on level 2 of the Dungeon)
 s - a +0 flail {mace}
   (You found it on level 2 of the Dungeon)
 t - a +0 club {mace}
   (You took it off a goblin on level 3 of the Dungeon)
 u - a +0 arbalest {crossbow}
   (You found it on level 3 of the Dungeon)
 v - a +0 dagger {short}
   (You took it off a kobold on level 3 of the Dungeon)
 x - a +0 dagger {short}
   (You took it off a kobold on level 3 of the Dungeon)
 y - a +0 mace {mace}
   (You took it off a kobold on level 3 of the Dungeon)
 A - a +0 dagger {short}
   (You found it on level 3 of the Dungeon)
 B - the +8 flail of Action (weapon) {flame, rN+ Will+, mace}
   (You found it on level 3 of the Dungeon)

   It burns those it strikes, dealing additional fire damage.
   rN:        It protects you from negative energy.
   Will:      It increases your willpower.
Missiles
 e - 268 stones {throwing}
 w - 7 poisoned darts {throwing}
 C - 6 boomerangs {throwing}
Armour
 b - a +0 robe (worn)
 c - a +0 hat (worn)
 F - a +0 plate armour
   (You found it on level 4 of the Dungeon)
 J - a +0 buckler (worn)
   (You found it on level 4 of the Dungeon)
Jewellery
 D - a ring of protection from cold
   (You found it on level 4 of the Dungeon)
 G - an amulet of guardian spirit
   (You found it on level 4 of the Dungeon)
Wands
 N - a wand of paralysis (6)
   (You found it on level 5 of the Dungeon)
Scrolls
 f - a scroll of immolation {unknown}
 h - a scroll of noise {unknown}
 E - a scroll of teleportation {unknown}
 H - 2 scrolls of identify {unknown}
 I - 2 scrolls of fog {unknown}
 K - a scroll of blinking {unknown}
 L - a scroll of magic mapping {unknown}
Potions
 d - 3 potions of magic
 g - 2 potions of lignification {unknown}
 i - 2 potions of cancellation {unknown}
 j - 2 potions of mutation {unknown}
 k - a potion of attraction {unknown}
 l - 2 potions of heal wounds {@q2}
 z - a potion of curing {unknown}
 M - a potion of brilliance {unknown}

Dungeon Overview and Level Annotations

Branches:
Dungeon (5/15)             Temple (1/1) D:4

Altars:
Ashenzari
Cheibriados
Dithmenos
Elyvilon
Fedhas
Gozag
Hepliaklqana
Kikubaaqudgha
Makhleb
Nemelex Xobeh
Okawaru
Qazlal
Ru
Sif Muna
Trog
Uskayaw
Vehumet
Wu Jian
Xom
Yredelemnul
The Shining One

Shops:
D:4 (

Annotations:
D:5 Prince Ribbit

....#...............#.....##
....#...............#......#
....#...............#......#
...##....##...###...##.....#
#################...##.....#
#.ยง....#.....#
#......#.....#
#.F....#.....# ####@##
#..######
#..#..####..####.##
#.....5...........#
#.................#
#.................#
#.................#
#.................#
##.##.##..####'####
####.##..####...##


You could see Prince Ribbit (ally target) and a friendly crimson imp (summoned).


Message History

๐Ÿ˜ฎ HP[+2] MP[-1]
You regained 2 hp, and now have 32/54 hp.
You lost 1 mp, and now have 9/14 mp.
You thump the orc! You burn the orc.
You kill the orc! ๐Ÿ˜ฎ HP[+3] MP[+1]
You regained 3 hp, and now have 35/54 hp.
You start resting.
Your crimson imp disappears in a puff of smoke! ๐Ÿ˜• HP[+10] MP[+4]
You regained 10 hp, and now have 45/54 hp.
Your mp is fully restored (14).
Key pressed, stopping explore.
Things that are here:
a +0 falchion {long}; a +0 chain mail; ๐Ÿ˜Ž HP[+9]
Your hp is fully restored (54).
There is an open door, spattered with blood here.
Items here: )))) [[ โ€ โ€ โ€ .
You see here a +0 robe.
M - a coppery potion
N - a wand of paralysis (6)
You open the door.
There is an open door here.
You open the door.
Prince Ribbit comes into view.
There is an open door here.
Casting: Magic Dart (safe; 9% risk of failure)
Confirm with . or Enter, or press ? or * to list all spells.
A beastly little devil appears in a puff of flame.
Prince Ribbit croaks. ๐Ÿ˜Ž MP[-2]
You lost 2 mp, and now have 12/14 mp.
Aiming: Magic Dart (safe; 9% risk of failure)
Press: ? - help, Q - select action, (/) - cycle Shift-Dir - straight line, f - Prince Ribbit
Aim: Prince Ribbit (ally target, 100% to hit)
You miscast Magic Dart.
You are very lightly contaminated with residual magic.
Nothing appears to happen.
Prince Ribbit closely misses you.
Your crimson imp hits Prince Ribbit. ๐Ÿ˜Ž MP[-1]
You lost 1 mp, and now have 11/14 mp.
Unknown command.
You barely miss Prince Ribbit.
Your tail-slap misses Prince Ribbit.
Prince Ribbit hits you!
Your crimson imp hits Prince Ribbit.
Prince Ribbit closely misses you. ๐Ÿ˜• HP[-12]
You take 12 damage, and now have 42/54 hp.
MASSIVE DAMAGE!! (PAUSE)
You sock Prince Ribbit! You burn Prince Ribbit.
Prince Ribbit barely misses you.
Your crimson imp blinks!
Prince Ribbit blinks!
You barely miss Prince Ribbit.
Prince Ribbit catches a blue-tailed skink with his tongue.
Prince Ribbit barely misses you. x2 ๐Ÿ˜• MP[+1]
You closely miss Prince Ribbit. Prince Ribbit misses you.
Your crimson imp blinks!
Prince Ribbit misses you.
Your magical contamination has completely faded away.
Unknown command.
You closely miss Prince Ribbit. Prince Ribbit misses you.
Your crimson imp hits Prince Ribbit.
Prince Ribbit closely misses your crimson imp. ๐Ÿ˜• HP[+1]
You hit Prince Ribbit. You burn Prince Ribbit.
Your tail-slap misses Prince Ribbit.
Prince Ribbit hits you!!
* * * LOW HITPOINT WARNING * * *
Your crimson imp completely misses Prince Ribbit. ๐Ÿ˜จ HP[-18]
You take 18 damage, and now have 25/54 hp.
MASSIVE DAMAGE!! (PAUSE)
You closely miss Prince Ribbit. You tail-slap Prince Ribbit.
Prince Ribbit blinks!
Unknown command.
Casting: Magic Dart (safe; 9% risk of failure)
Confirm with . or Enter, or press ? or * to list all spells.
You miscast Blink.
You are very lightly contaminated with residual magic.
Nothing appears to happen.
Prince Ribbit blinks!
Prince Ribbit hits your crimson imp. ๐Ÿ˜จ MP[-2]
You lost 2 mp, and now have 10/14 mp.
Your crimson imp closely misses Prince Ribbit.
Prince Ribbit misses your crimson imp. ๐Ÿ˜จ MP[+1] Prince Ribbit hits your crimson imp!
Your crimson imp hits Prince Ribbit.
Prince Ribbit hits your crimson imp!
Your crimson imp dies!
Your crimson imp disappears in a puff of smoke! ๐Ÿ˜จ HP[+1]
Casting: Blink (safe; 21% risk of failure)
Confirm with . or Enter, or press ? or * to list all spells.
A beastly little devil appears in a puff of flame. ๐Ÿ˜จ MP[-2]
You lost 2 mp, and now have 9/14 mp.
You closely miss Prince Ribbit. Prince Ribbit hits you!!
* * * LOW HITPOINT WARNING * * *
Prince Ribbit hits you!
You die...

Skill      XL: |  1  2  3  4  5  6  7 |
---------------+----------------------+-----
Dodging        | 2 3 4 |  4.0
Spellcasting   | 4 5 |  5.0
Conjurations   | 2 |  2.0
Fighting       | 3 4 |  4.3
Stealth        | |  1.7
Unarmed Combat | |  0.8
Summonings     | |  1.0
Translocations | |  0.8

Action                   |  1- 3 |  4- 6 |  7- 9 || total
-------------------------+-------+-------+-------++-------
Melee: Dagger            |   106 |       |       ||   106
       Unarmed           |       |    33 |       ||    33
       Flail             |       |    31 |    19 ||    50
       Tailslap          |       |       |     3 ||     3
Throw: Dart              |       |     2 |       ||     2
 Cast: Magic Dart        |    77 |   102 |     5 ||   184
       Call Imp          |     7 |    11 |     3 ||    21
  Use: Potion            |     3 |     1 |       ||     4
 Stab: Sleeping          |       |     1 |       ||     1
Armor: Robe              |    16 |    14 |     1 ||    31
Dodge: Dodged            |    88 |    53 |    14 ||   155
Block: Buckler           |       |     4 |     1 ||     5

Levels and vault maps discovered:
D:1:      dpeg_arrival_morbid_curiosity, layout_rooms
D:2:      layout_loops_ring
D:3:      layout_rooms
D:4:      layout_loops_ring, minmay_temple_entry_statues_pillars, serial_shops,
          nicolae_inconvenience_store, chequers_serial_rivers_large_b,
          dreamdust_wishing_well, minmay_pentomino_pile, uniq_natasha
D:5:      layout_gridville, uniq_pikel, uniq_prince_ribbit1, uniq_blork_the_orc
Temple:   mainiacjoe_temple_hex_bubbles

Notes
Turn   | Place    | Note
-------+----------+-------------------------------------------
     0 | D:1      | spaghetti the Demonspawn Hedge Wizard began the quest for
                  | the Orb.
     0 | D:1      | Reached XP level 1. HP: 13/13 MP: 4/4
     0 | D:1      | magus.rc [v1.9.6]
   225 | D:1      | Reached skill level 2 in Dodging
   457 | D:1      | Gained mutation: You regenerate a little health from kills.
                  | [demonic ancestry]
   457 | D:1      | Reached XP level 2. HP: 15/19 MP: 0/6
   542 | D:1      | Learned a level 2 spell: Call Imp
   545 | D:1      | Learned a level 2 spell: Blink
   818 | D:1      | HP: 4/19 [jackal (1)]
  1465 | D:1      | Reached XP level 3. HP: 14/24 MP: 1/8
  1469 | D:1      | Learned a level 3 spell: Conjure Flame
  2612 | D:2      | Reached skill level 3 in Dodging
  2710 | D:2      | You feel monstrous as your demonic heritage exerts itself.
  2710 | D:2      | Discovered your monstrous ancestry.
  2710 | D:2      | Gained mutation: You have sharp fingernails. [demonic
                  | ancestry]
  2710 | D:2      | Reached XP level 4. HP: 18/30 MP: 5/9
  2729 | D:2      | Reached skill level 4 in Spellcasting
  3281 | D:3      | You add the spells Sting, Poisonous Vapours and Olgreb's
                  | Toxic Radiance to your library.
  3347 | D:3      | Learned a level 3 spell: Mephitic Cloud
  3549 | D:3      | You pick up a book of Decay and begin reading...
  3549 | D:3      | You add the spells Corpse Rot, Dispel Undead and Death
                  | Channel to your library.
  3764 | D:3      | You pick up a book of Misfortune and begin reading...
  3764 | D:3      | You add the spells Confusing Touch, Yara's Violent
                  | Unravelling and Enfeeble to your library.
  3833 | D:3      | Identified the +8 flail of Action {flame, rN+ Will+}
  4089 | D:4      | Noticed a necrophage
  4098 | D:4      | Killed a necrophage
  4099 | D:4      | Reached XP level 5. HP: 29/35 MP: 4/11
  4273 | D:4      | Reached skill level 2 in Conjurations
  4360 | D:4      | Reached skill level 4 in Dodging
  4360 | D:4      | Gained mutation: You have very sharp fingernails. [demonic
                  | ancestry]
  4360 | D:4      | Reached XP level 6. HP: 41/41 MP: 7/13
  4519 | D:4      | Found Xouvuen's Weapon Shoppe.
  4601 | D:4      | Noticed Natasha
  4609 | D:4      | Killed Natasha
  4804 | D:4      | Reached skill level 5 in Spellcasting
  4831 | D:4      | Reached skill level 1 in Fighting
  5217 | D:4      | Reached skill level 2 in Fighting
  5330 | D:4      | Found a staircase to the Ecumenical Temple.
  5337 | Temple   | Entered the Ecumenical Temple
  5525 | Temple   | Became a worshipper of Hepliaklqana the Forgotten
  5843 | D:4      | Noticed Natasha
  5848 | D:4      | Killed Natasha
  5931 | D:5      | Entered Level 5 of the Dungeon
  5944 | D:5      | Reached skill level 3 in Fighting
  5955 | D:5      | Gained mutation: You have a small tail. [demonic ancestry]
  5955 | D:5      | Reached XP level 7. HP: 42/53 MP: 5/14
  6049 | D:5      | You pick up a book of Alchemy and begin reading...
  6049 | D:5      | You add the spells Sublimation of Blood, Petrify and
                  | Irradiate to your library.
  6152 | D:5      | Reached skill level 4 in Fighting
  6301 | D:5      | Noticed Prince Ribbit
  6316 | D:5      | HP: 8/54 [Prince Ribbit (18)]
  6316 | D:5      | Mangled by Prince Ribbit

Vanquished Creatures
  A centaur (D:5)
  An ogre (D:4)
  2 necrophages (D:4)
  An orc priest (D:5)
  Natasha (twice) (D:4)
  2 orc wizards
  6 adders
  5 dart slugs
  10 orcs
  8 endoplasms
  2 giant cockroaches
  6 goblins
  8 hobgoblins
  8 jackals
  6 kobolds
  5 quokkas
  6 ball pythons
  2 bats
  5 frilled lizards
  5 rats
91 creatures vanquished.

Vanquished Creatures (collateral kills)
  3 gnolls (D:2)
  An orc (D:5)
  An endoplasm (D:1)
  A goblin (D:3)
  A hobgoblin (D:1)
  A jackal (D:1)
  A ball python (D:4)
9 creatures vanquished.

Grand Total: 100 creatures vanquished

Table legend:
 A = Non-vault XP
 B = Vault XP
 C = Vault XP percentage of total XP
 D = Non-vault monster count
 E = Vault monster count
 F = Vault count percentage of total count
                 A         B        C        D         E       F
            +---------+---------+-------+---------+---------+-------
      Total |     721 |     156 |  17.8 |      91 |       9 |   9.0
            +---------+---------+-------+---------+---------+-------
        D:1 |      37 |       8 |  17.8 |      20 |       4 |  16.7
        D:2 |      90 |       0 |   0.0 |      21 |       0 |   0.0
        D:3 |      42 |       0 |   0.0 |      19 |       0 |   0.0
        D:4 |     323 |     148 |  31.4 |      20 |       5 |  20.0
        D:5 |     229 |       0 |   0.0 |      11 |       0 |   0.0
            +---------+---------+-------+---------+---------+-------

Illustrated notes

Table legend:
 A = Kills in this place as a percentage of kills in entire the game.
 B = Kills by you in this place as a percentage of kills by you in the entire game.
 C = Kills by friends in this place as a percentage of kills by friends in the entire game.
 D = Other kills in this place as a percentage of other kills in the entire game.
 E = Experience gained in this place as a percentage of experience gained in the entire game.
 F = Experience gained in this place divided by the number of levels of this place that you have seen.
                   A       B       C       D       E      F
               +-------+-------+-------+-------+-------+----------------------
         Total | 100.0 | 100.0 | 100.0 |   N/A | 100.0 | 146.2
       Dungeon | 100.0 | 100.0 | 100.0 |   N/A | 100.0 | 175.4
               +-------+-------+-------+-------+-------+----------------------

Table legend: (Time is in decaauts)
 A = Elapsed time spent in this place.
 B = Non-inter-level travel time spent in this place.
 C = Inter-level travel time spent in this place.
 D = Time resting spent in this place.
 E = Time spent auto-exploring this place.
 F = Levels seen in this place.
 G = Mean time per level.
                   A        B        C        D        E       F      G
               +--------+--------+--------+--------+--------+-----+--------+
         Total |   6361 |   6162 |    199 |    367 |   5023 |   6 | 1060.2 |
       Dungeon |   6157 |   5999 |    158 |    367 |   4864 |   5 | 1231.4 |
        Temple |    204 |    163 |     41 |      0 |    159 |   1 |  204.0 |
               +--------+--------+--------+--------+--------+-----+--------+

Top non-repeatable levels by time:
     D:4: 1763 daAuts
     D:1: 1669 daAuts
     D:2: 1447 daAuts
     D:3: 883 daAuts
     D:5: 394 daAuts
  Temple: 204 daAuts
